 Dungeon Crawl Stone Soup version 0.29.1-12-g30fa7ad0bf (webtiles) character file.

Game seed: 12781066152675654648

3527 cheesebisquit the Severer (level 9, -1/74 HPs)
             Began as a Minotaur Berserker on Jan 6, 2023.
             Was a Believer of Trog.
             Slain by a six-headed hydra (5 damage)
             ... on level 8 of the Dungeon.
             The game lasted 00:46:32 (7149 turns).

cheesebisquit the Severer (Minotaur Berserker)      Turns: 7149, Time: 00:46:33

Health: -1/74      AC: 20    Str: 22    XL:     9   Next: 82%
Magic:  8/8        EV:  9    Int:  4    God:    Trog [**....]
Gold:   672        SH:  0    Dex: 14    Spells: 8/8 levels left

rFire   . . .      SeeInvis .   v - +2 morningstar (protect)
rCold   . . .      Faith    .   (no shield)
rNeg    + . .      Spirit   .   u - +0 chain mail
rPois   .          Reflect  .   (helmet restricted)
rElec   .          Harm     .   m - +0 cloak
rCorr   .          Rampage  .   (no gloves)
Will    +++..                   H - +2 pair of boots
Stlth   ..........              r - amulet of the acrobat
HPRegen 1.22/turn               y - ring of willpower
MPRegen 0.11/turn               g - ring of positive energy

@: strong-willed, under a protective aura, on berserk cooldown, regenerating,
slowed, very slow
A: horns 2, retaliatory headbutt
a: Renounce Religion, Berserk, Trog's Hand


You were on level 8 of the Dungeon.
You worshipped Trog.
Trog was pleased with you.
You visited 1 branch of the dungeon, and saw 8 of its levels.

You collected 688 gold pieces.
You spent 16 gold pieces at shops.

Inventory:

Hand Weapons
 a - a +0 war axe
 b - a +0 sling
 v - a +2 morningstar of protection (weapon)
Missiles
 A - 2 atropa-tipped darts
 B - 33 stones (quivered)
Armour
 c - a +0 ring mail
 m - a +0 cloak (worn)
 u - a +0 chain mail (worn)
 H - a +2 pair of boots (worn)
 J - a +0 scale mail
Jewellery
 g - a ring of positive energy (right hand)
 r - an amulet of the acrobat (around neck)
 y - a ring of willpower (left hand)
Wands
 h - a wand of mindburst (25)
 o - a wand of polymorph (5)
 x - a wand of charming (8)
 z - a wand of roots (2)
 I - a wand of flame (29)
Scrolls
 f - a scroll of fog
 i - a scroll of noise {unknown}
 j - a scroll of vulnerability {unknown}
 l - a scroll of fear {unknown}
 p - a scroll of immolation
 s - a scroll of torment {unknown}
 t - a scroll of blinking
 w - a scroll of poison {unknown}
 E - a scroll of magic mapping
Potions
 d - a potion of cancellation
 e - 4 potions of mutation
 k - 3 potions of lignification
 n - a potion of attraction
 q - 3 potions of flight
 D - 5 potions of curing
 F - a potion of magic
 G - a potion of ambrosia {unknown}


   Skills:
 + Level 5.1 Fighting
 - Level 16.0 Axes
 + Level 4.2 Armour
 - Level 2.4 Dodging


You had 8 spell levels left.
You didn't know any spells.
Your spell library was empty.

Dungeon Overview and Level Annotations

Branches:
Dungeon (8/15)             Temple (0/1) D:4
   Lair: D:8-11

Altars:
Kikubaaqudgha
Yredelemnul

Shops:
D:1 :   D:2 (   D:5 =

Annotations:
D:7 2 transporters, Menkaure


Innate Abilities, Weirdness & Mutations

You have a pair of horns on your head.
You reflexively headbutt those who attack you in melee.


Message History

The six-headed hydra bites you! The six-headed hydra misses you.
The six-headed hydra barely misses you. x2
The six-headed hydra closely misses you.
You feel much better.
The six-headed hydra closely misses you.
The six-headed hydra bites you! The six-headed hydra barely misses you.
The six-headed hydra misses you. The six-headed hydra bites you!
The six-headed hydra bites you but does no damage.
The six-headed hydra bites you.
The six-headed hydra bites you but does no damage. x2
The six-headed hydra bites you! x2
* * * LOW HITPOINT WARNING * * *
The six-headed hydra barely misses you.
You hit the six-headed hydra.
The six-headed hydra is heavily wounded.
The six-headed hydra barely misses you. You furiously retaliate!
You headbutt the six-headed hydra! The six-headed hydra bites you!
* * * LOW HITPOINT WARNING * * *
The six-headed hydra bites you.
* * * LOW HITPOINT WARNING * * *
The six-headed hydra bites you but does no damage.
The six-headed hydra bites you.
* * * LOW HITPOINT WARNING * * *
The six-headed hydra bites you.
* * * LOW HITPOINT WARNING * * *
You feel much better.
The six-headed hydra bites you but does no damage.
The six-headed hydra bites you.
* * * LOW HITPOINT WARNING * * *
The six-headed hydra bites you!
* * * LOW HITPOINT WARNING * * *
The six-headed hydra barely misses you.
The six-headed hydra bites you but does no damage.
The six-headed hydra bites you.
* * * LOW HITPOINT WARNING * * *
The six-headed hydra bites you.
* * * LOW HITPOINT WARNING * * *
The six-headed hydra bites you but does no damage.
The six-headed hydra bites you.
You die...

............#
#........#
+.....####
#+#....##
#.#.....###
##........D#
#.......##....#
#.#.###D# ....#
#.#.#<#@# ...#
##+#'#)#.# ...#
#......#.# ..#
#......#.. ..#
#.....####
........+
........#
.........#
.....#####


You could see a six-headed hydra.

Vanquished Creatures
  Psyche (D:8)
  Grinder (D:4)
  Sigmund (D:2)
  A steam dragon (D:7)
  A water moccasin (D:6)
  Duvessa (D:6)
  3 ice beasts
  A sky beast (D:7)
  4 ogres
  3 black bears (D:6)
  A phantom (D:5)
  2 bullfrogs
  2 necrophages
  5 scorpions
  Dowan (D:6)
  A wight (D:7)
  A howler monkey (D:7)
  9 hounds
  2 jellies
  3 gnoll boudas
  Terence (D:2)
  6 iguanas
  An orc wizard (D:7)
  Robin (D:4)
  12 gnolls
  4 adders
  An ufetubus (D:5)
  2 worms (D:2)
  2 dart slugs
  14 orcs
  4 endoplasms
  3 giant cockroaches
  12 goblins
  10 hobgoblins
  4 jackals
  A quokka (D:1)
  2 ball pythons
  2 bats
  6 kobolds
  7 rats
139 creatures vanquished.

Notes
Turn   | Place    | Note
-------+----------+-------------------------------------------
     0 | D:1      | cheesebisquit the Minotaur Berserker began the quest for
                  | the Orb.
     0 | D:1      | Reached XP level 1. HP: 19/19 MP: 0/0
   461 | D:1      | Reached XP level 2. HP: 27/27 MP: 1/1
   533 | D:1      | Reached skill level 4 in Axes
   539 | D:1      | Found Nufeudesoi's Book Shop.
  1020 | D:1      | Reached XP level 3. HP: 33/33 MP: 2/2
  1354 | D:2      | Reached skill level 5 in Axes
  1459 | D:2      | Noticed Sigmund
  1480 | D:2      | Killed Sigmund
  1481 | D:2      | Reached skill level 7 in Axes
  1481 | D:2      | Reached XP level 4. HP: 40/40 MP: 3/3
  1481 | D:2      | Reached XP level 5. HP: 46/46 MP: 4/4
  1564 | D:2      | Found a faded altar of an unknown god.
  1618 | D:2      | Noticed Terence
  1625 | D:2      | Killed Terence
  1766 | D:2      | Found Ynagafob's Weapon Shop.
  1770 | D:2      | Bought 3 poisoned darts for 16 gold pieces
  2025 | D:3      | Reached skill level 8 in Axes
  2025 | D:3      | Reached XP level 6. HP: 52/52 MP: 5/5
  2818 | D:4      | Found a staircase to the Ecumenical Temple.
  2823 | D:4      | Noticed Robin
  2844 | D:4      | Killed Robin
  2925 | D:4      | Reached ** piety under Trog
  2963 | D:4      | Reached skill level 9 in Axes
  3139 | D:4      | Noticed Grinder
  3165 | D:4      | Killed Grinder
  3166 | D:4      | Reached skill level 10 in Axes
  3166 | D:4      | Reached XP level 7. HP: 58/58 MP: 6/6
  3383 | D:4      | You fall into a shaft and drop 3 floors!
  3407 | D:6      | Noticed Duvessa
  3407 | D:6      | Noticed Dowan
  3746 | D:6      | Reached skill level 11 in Axes
  3865 | D:5      | Entered Level 5 of the Dungeon
  4152 | D:5      | Reached XP level 8. HP: 66/66 MP: 7/7
  4225 | D:5      | Reached skill level 12 in Axes
  4358 | D:5      | Reached skill level 13 in Axes
  4577 | D:5      | Found Ossaos's One-of-a-Kind Rings.
  5130 | D:6      | Reached skill level 14 in Axes
  5193 | D:6      | Reached XP level 9. HP: 71/71 MP: 8/8
  5632 | D:6      | Killed Dowan
  5639 | D:6      | Killed Duvessa
  5767 | D:6      | Reached skill level 15 in Axes
  6264 | D:7      | Found a basalt altar of Yredelemnul.
  6266 | D:7      | Noticed Menkaure
  6293 | D:7      | Found an ancient bone altar of Kikubaaqudgha.
  6295 | D:7      | Found a transporter.
  6368 | D:7      | Found a transporter.
  6666 | D:7      | Reached skill level 16 in Axes
  7106 | D:8      | Noticed Psyche
  7114 | D:8      | Killed Psyche
  7115 | D:8      | Reached skill level 5 in Fighting
  7137 | D:8      | Noticed a six-headed hydra
  7148 | D:8      | HP: 2/74 [six-headed hydra (2)]
  7149 | D:8      | Slain by a six-headed hydra

Illustrated notes

Levels and vault maps discovered:
D:1:      minmay_arrival_nine_rooms, layout_loops_ring, serial_shops,
          nicolae_shop_window_shopping, serial_aquarium,
          aquarium_bridge_island_small [aquarium_subvault_small_water,
          aquarium_subvault_wall, aquarium_subvault_bridge,
          aquarium_subvault_window, aquarium_subvault_wall],
          aquarium_window_corridor_1, aquarium_window_2, aquarium_view_2b,
          aquarium_view_2d, aquarium_balcony_double_4, minivault_4,
          minmay_parallelograms, grunt_decor_mini_mirrors
D:2:      layout_basic, basic_ecumenical_altar, serial_shops, shop,
          uniq_sigmund, uniq_terence
D:3:      layout_basic
D:4:      layout_rooms, minmay_temple_entry_butterflies, uniq_robin,
          uniq_grinder
D:5:      minmay_razor_zed, layout_cave_pools, nicolae_shop_unique_rings
D:6:      layout_basic, enter_ossuary_2, uniq_duvessa
D:7:      minmay_polygon_palace, layout_basic, gammafunk_temple_of_torment,
          uniq_menkaure
D:8:      layout_basic, serial_shops, nicolae_shop_behind_doors,
          minmay_microvault, uniq_psyche

Skill      XL: |  1  2  3  4  5  6  7  8  9 |
---------------+----------------------------+-----
Axes           | 4 7 8 10 11 14 16 | 16.0
Fighting       | 5 |  5.1
Armour         | 4 |  4.2
Dodging        | |  2.4

Action                   |  1- 3 |  4- 6 |  7- 9 || total
-------------------------+-------+-------+-------++-------
Melee: Hand axe          |    53 |    89 |     5 ||   147
       Headbutt          |     8 |    16 |    45 ||    69
       Punch             |       |     1 |     1 ||     2
       Sling             |       |     5 |       ||     5
       War axe           |       |       |   193 ||   193
       Morningstar       |       |       |     4 ||     4
 Fire: Sling             |       |     8 |    12 ||    20
Throw: Stone             |     3 |    11 |     9 ||    23
       Dart              |       |    18 |    40 ||    58
Invok: Berserk           |     5 |     6 |    12 ||    23
       Trog's Hand       |       |     1 |     7 ||     8
  Use: Scroll            |       |       |    15 ||    15
       Potion            |       |       |     3 ||     3
 Stab: Invisible         |       |       |     1 ||     1
Armor: Ring mail         |    19 |     2 |       ||    21
       Chain mail        |       |    37 |   102 ||   139
Dodge: Dodged            |    20 |    45 |   110 ||   175
